 Dungeon Crawl Stone Soup version 0.25.0-9-g26727b657a (webtiles) character file.

Game seed: 14325073433181246672

1 vurker the Vexing (level 1, -2/17 HPs)
             Began as a Gnoll Arcane Marksman on June 19, 2020.
             Succumbed to a kobold's poison
             ... on level 1 of the Dungeon.
             The game lasted 00:00:08 (23 turns).

vurker the Vexing (Gnoll Arcane Marksman)             Turns: 23, Time: 00:00:09

Health: -2/17      AC:  2    Str: 12    XL:     1   Next: 20%
Magic:  4/4        EV: 14    Int: 15    God:
Gold:   9          SH:  0    Dex: 15    Spells: 4/5 levels left

rFire    . . .     SeeInvis .   (no weapon)
rCold    . . .     Gourm    .   (no shield)
rNeg     . . .     Faith    .   a - +0 robe
rPois    .         Spirit   .   (no helmet)
rElec    .         Reflect  .   (no cloak)
rCorr    .         Harm     .   (no gloves)
MR       .....                  (no boots)
Stlth    +.........             (no amulet)
HPRegen  0.05/turn              (no ring)
MPRegen  0.09/turn              (no ring)

@: lethally poisoned (-2 -> -44)
A: distributed training, fangs 1, strong nose
a: no special abilities


You were on level 1 of the Dungeon.
You were not hungry.

You visited 1 branch of the dungeon, and saw 1 of its levels.

You collected 9 gold pieces.

Inventory:

Missiles
 c - 5 javelins (quivered)
 d - 2 throwing nets
Armour
 a - a +0 robe (worn)
Comestibles
 e - a ration


   Skills:
 + Level 2.3 Fighting
 + Level 0.0 Short Blades
 + Level 0.0 Long Blades
 + Level 0.0 Axes
 + Level 0.0 Maces & Flails
 + Level 0.0 Polearms
 + Level 0.0 Staves
 + Level 0.0 Slings
 + Level 0.0 Bows
 + Level 0.0 Crossbows
 + Level 4.4 Throwing
 + Level 0.0 Armour
 + Level 4.4 Dodging
 + Level 0.0 Stealth
 + Level 0.0 Shields
 + Level 0.0 Unarmed Combat
 + Level 2.6 Spellcasting
 + Level 0.0 Conjurations
 + Level 5.3 Hexes
 + Level 0.0 Charms
 + Level 0.0 Summonings
 + Level 0.0 Necromancy
 + Level 0.0 Translocations
 + Level 0.0 Transmutations
 + Level 0.0 Fire Magic
 + Level 0.0 Ice Magic
 + Level 0.0 Air Magic
 + Level 0.0 Earth Magic
 + Level 0.0 Poison Magic
 + Level 0.0 Invocations
 + Level 0.0 Evocations


You had 4 spell levels left.
You knew the following spells:

 Your Spells              Type           Power        Failure   Level  Hunger
a - Corona                Hex            ###....      2%          1    #......

Your spell library contained the following spells:

 Spells                   Type           Power        Failure   Level  Hunger
 Slow                     Hex            ###.....     3%          2    ###....
 Inner Flame              Hex/Fire       #.......     22%         3    ###....
 Portal Projectile        Hex/Tloc       #.....       22%         3    ###....
 Cause Fear               Hex            ###.......   24%         4    #####..
 Leda's Liquefaction      Hex/Erth       #.........   56%         4    #####..


Dungeon Overview and Level Annotations

Branches:
Dungeon (1/15)

Altars:


Innate Abilities, Weirdness & Mutations

Your experience applies equally to all skills.
You have very sharp teeth.
Your uncanny sense of smell can sniff out nearby items.


Message History

You now have 9 gold pieces.
You open the door.
There is an open door here.
A goblin comes into view.
The goblin shouts!
You hear a shout!
A kobold comes into view.
You hear a shout!
Found a short sword.
There are monsters nearby!
You closely miss the goblin. You closely miss the goblin. The goblin hits you.
You barely miss the goblin. The goblin hits you.
A kobold comes into view. It is wielding a +1 dagger of venom.
You barely miss the goblin.
The kobold shouts!
You bite the goblin. The goblin barely misses you.
The kobold throws a stone.
The stone barely misses you.
You hit the goblin.
You kill the goblin!
You hit the kobold but do no damage. You bite the kobold, but do no damage.
The kobold misses you. The kobold hits you but does no damage.
You are poisoned.
You hit the kobold.
You feel sick. The kobold closely misses you. The kobold misses you.
You barely miss the kobold.
You feel sick. The kobold hits you but does no damage.
You are lethally poisoned!
The kobold barely misses you.
You aren't carrying any potions.
You hit the kobold but do no damage.
You feel sick.
The kobold hits you with a +1 dagger of venom.
* * * LOW HITPOINT WARNING * * *
You are more poisoned.
The kobold barely misses you.
Unknown command.
You barely miss the kobold. You bite the kobold, but do no damage.
* * * LOW HITPOINT WARNING * * *
You feel sick.
The kobold hits you with a +1 dagger of venom.
* * * LOW HITPOINT WARNING * * *
You are more poisoned.
The kobold barely misses you.
You hit the kobold but do no damage.
* * * LOW HITPOINT WARNING * * *
You feel very sick. The kobold hits you but does no damage.
You are more poisoned.
The kobold closely misses you.
You barely miss the kobold.
You die...

#........ .......
.....# ### ....# ##.##
...# ##...## ##..#
##.....##
...####K..###.......##
#)...K@..##.........##
......##..'.....<.....+
##### #.######...#####
...# ##.## ###.# #.#
### #.# #.# #+#


You could see 2 kobolds.

Vanquished Creatures
  A goblin (D:1)
1 creature vanquished.

Notes
Turn   | Place    | Note
-------+----------+-------------------------------------------
     0 | D:1      | vurker the Gnoll Arcane Marksman began the quest for the
                  | Orb.
     0 | D:1      | Reached XP level 1. HP: 17/17 MP: 4/4
    23 | D:1      | Succumbed to a kobold's poison

Illustrated notes

Levels and vault maps discovered:
D:1:      mrwooster_arrival_arrow, layout_rooms, moated_statue, minmay_bisected

Action                   || total
-------------------------++-------
Melee: Unarmed           ||    12
       Bite              ||     3
Armor: Robe              ||     2
Dodge: Dodged            ||     9
